 Dungeon Crawl Stone Soup version 0.29.1-1-gd02db69 (webtiles) character file.

Game seed: 7024784452480497568

133 Timinator the Insei (level 4, -2/35 (36) HPs)
             Began as a Demigod Transmuter on Dec 19, 2022.
             Slain by Crazy Yiuf
             ... wielding a +4 quarterstaff of chaos
              (7 damage)
             ... on level 2 of the Dungeon.
             The game lasted 00:07:18 (2373 turns).

Timinator the Insei (Demigod Transmuter)            Turns: 2373, Time: 00:07:19

HP:   -2/35 (36)    AC:  6    Str:  9 (11) XL:     4   Next: 64%
MP:   19/19         EV: 10    Int: 13 (15) God:
Gold: 57            SH:  0    Dex: 17 (18) Spells: 6/7 levels left

rFire   . . .      SeeInvis .     - Unarmed
rCold   . . .      Faith    .   (no shield)
rNeg    . . .      Spirit   .   m - +0 ring mail
rPois   .          Reflect  .   (helmet currently unavailable)
rElec   .          Harm     .   o - +0 cloak
rCorr   .          Rampage  .   (no gloves)
Will    .....                   (boots currently unavailable)
Stlth   +.........              (no amulet)
HPRegen 0.11/turn               h - ring of magical power
MPRegen 0.16/turn               (no ring)

@: appendages (expiring), lightly drained
A: horns 2, talons 2, high MP 1, forlorn, divine attributes
a: End Transformation


You were on level 2 of the Dungeon.
You had temporarily grown beastly horns and talons.
You visited 1 branch of the dungeon, and saw 2 of its levels.

You collected 57 gold pieces.

Inventory:

Armour
 m - a +0 ring mail (worn)
 o - a +0 cloak (worn)
Jewellery
 h - a ring of magical power (left hand)
Wands
 b - a wand of mindburst (15)
Scrolls
 g - a scroll of enchant weapon {unknown}
 l - a scroll of butterflies {unknown}
Potions
 c - 2 potions of brilliance
 e - a potion of degeneration
 f - a potion of heal wounds {unknown}
 i - 4 potions of curing
 j - a potion of ambrosia
 k - a potion of mutation {unknown}


   Skills:
 * Level 1.7 Fighting
 * Level 1.1 Armour
 * Level 2.4 Dodging
 + Level 3.4 Unarmed Combat
 + Level 2.2 Spellcasting
 * Level 2.5 Transmutations


You had 6 spell levels left.
You knew the following spells:

 Your Spells              Type           Power      Damage    Failure   Level
a - Beastly Appendage     Tmut           16%        N/A       24%         1

Your spell library contained the following spells:

 Spells                   Type           Power      Damage    Failure   Level
 Wereblood                Tmut           8%         N/A       36%         2
 Necrotise                Necr           4%         1d4       56%         1
 Spider Form              Tmut/Pois      4%         N/A       77%         3
 Vampiric Draining        Necr           1%         2d6       91%         3
 Ice Form                 Ice/Tmut       4%         N/A       99%         4
 Agony                    Necr           1%         N/A       100%        5


Dungeon Overview and Level Annotations

Branches:
Dungeon (2/15)

Annotations:
D:2 Crazy Yiuf


Innate Abilities, Weirdness & Mutations

You have temporarily grown beastly horns and talons.
You have an increased reservoir of magic. (+10% MP)
You shall have no god before yourself.
Your divine heritage dramatically boosts your attributes as you level up.


Message History

As you read the scroll labelled CAITER SYTHRAU, it crumbles to dust.
It is a scroll of identify.
c - 2 potions of brilliance Crazy Yiuf twirls on the spot.
As you read the scroll of identify, it crumbles to dust.
i - 4 potions of curing Crazy Yiuf screams, "Goober water shoe!"
It was a potion of attraction.
You feel attractive to monsters.
It was a potion of ambrosia.
You are confused.
You feel invigorated.
You bump into the tree.
You bump into the tree.
You start waiting.
You feel less invigorated.
You feel less confused.
You start waiting.
Crazy Yiuf twirls on the spot.
You feel less attractive to monsters.
It was a potion of degeneration.
There was something very wrong with that liquid.
You feel weakened.
You feel dopey.
You feel clumsy.
Crazy Yiuf cries, "Mountain foot hand!"
Casting: Beastly Appendage (safe; 24% risk of failure)
Confirm with . or Enter, or press ? or * to list all spells.
You grow a pair of large bovine horns.
Your feet morph into talons.
You open the door.
Crazy Yiuf drinks a potion.
Crazy Yiuf flickers and vanishes!
Deactivating autopickup; reactivate with Ctrl-A.
Something hits you!
You feel drained.
You hit something. Your kick misses something. Your headbutt misses something.
Something hits you!
You hit something. You claw something. Something hits you!
* * * LOW HITPOINT WARNING * * *
Something burns you.
* * * LOW HITPOINT WARNING * * *
Your transformation is almost over.
Something hits you!
You die...

... #'# ♣.♣♣ ###
♣♣.♣ #.# ♣.♣♣ #.#
♣♣.♣ #########.#
♣♣.♣♣ ..........#
♣♣...♣ #########.#
♣..@.♣ # #.#
##..## # #.#
#....# # #.#
#...## # #####.#
##..# #####.....#
##.# ..........#
#.#
#####.###.######.#
# #.# #........#


There were no monsters in sight!

Vanquished Creatures
  Ijyb (D:2)
  An adder (D:2)
  4 gnolls (D:2)
  2 dart slugs (D:1)
  4 bats
  4 endoplasms
  11 goblins
  5 hobgoblins
  3 jackals (D:2)
  A kobold (D:2)
  A quokka (D:1)
  5 ball pythons (D:2)
  5 frilled lizards
  8 rats
55 creatures vanquished.

Notes
Turn   | Place    | Note
-------+----------+-------------------------------------------
     0 | D:1      | Timinator the Demigod Transmuter began the quest for the
                  | Orb.
     0 | D:1      | Reached XP level 1. HP: 15/15 MP: 5/5
    69 | D:1      | Reached skill level 1 in Fighting
   296 | D:1      | Reached XP level 2. HP: 23/23 MP: 7/7
   471 | D:1      | Reached skill level 3 in Unarmed Combat
  1213 | D:2      | Reached XP level 3. HP: 17/28 MP: 8/8
  1713 | D:2      | Reached XP level 4. HP: 34/35 MP: 9/9
  1727 | D:2      | Noticed Ijyb
  1732 | D:2      | Killed Ijyb
  1733 | D:2      | Reached skill level 1 in Armour
  2332 | D:2      | Found a runed translucent door.
  2333 | D:2      | Noticed Crazy Yiuf
  2373 | D:2      | Slain by Crazy Yiuf

Illustrated notes

Levels and vault maps discovered:
D:1:      nzn_arrival_depleted_hourglass, layout_loops_ring,
          ebering_ecumenical_altar_rust, hangedman_abyss_or_decor_lesser_grid
D:2:      kennysheep_the_goblin_king, layout_loops_ring, uniq_crazy_yiuf_cottage

Skill      XL: |  1  2  3  4 |
---------------+-------------+-----
Fighting       | 1 |  1.7
Transmutations | 2 |  2.5
Unarmed Combat | 3 |  3.4
Dodging        | 2 |  2.4
Spellcasting   | 2 |  2.2
Armour         | 1 |  1.1

Action                   |  1- 3 |  4- 6 || total
-------------------------+-------+-------++-------
Melee: Unarmed           |   106 |    40 ||   146
       Kick              |    10 |     8 ||    18
       Headbutt          |     7 |     3 ||    10
       Punch             |     1 |     1 ||     2
 Cast: Beastly Appendage |    17 |     9 ||    26
  Use: Potion            |     1 |     3 ||     4
       Scroll            |       |     2 ||     2
 Stab: Sleeping          |     1 |       ||     1
Armor: Robe              |    12 |       ||    12
       Skin              |    12 |     5 ||    17
       Ring mail         |       |     4 ||     4
Dodge: Dodged            |    68 |    15 ||    83
